 Dungeon Crawl Stone Soup version 0.28-a0-1518-gbe868bca14 (webtiles) character file.

Game seed: 11664067681365075467

107793 knot the Severer (level 16, -9/120 HPs)
             Began as a Demonspawn Berserker on Jan 17, 2022.
             Was a Priest of Trog.
             Mangled by Mlioglotl (17 damage)
             ... on level 1 of the Shoals.
             The game lasted 01:03:23 (31254 turns).

knot the Severer (Demonspawn Berserker)            Turns: 31254, Time: 01:03:24

Health: -9/120     AC: 26    Str: 24    XL:     16   Next: 1%
Magic:  0/17       EV: 11    Int: 16    God:    Trog [***...]
Gold:   754        SH:  0    Dex: 17    Spells: 15/15 levels left

rFire   + + .      SeeInvis .   J - +6 executioner's axe (freeze)
rCold   + + .      Faith    +   (shield currently unavailable)
rNeg    . . .      Spirit   +   F - +5 scale mail {rPois}
rPois   +          Reflect  .   j - +1 hat
rElec   .          Harm     .   (no cloak)
rCorr   .          Rampage  .   D - +0 pair of gloves of Leaneacw {rC+ Regen+ Str+3 Int+2}
Will    +....                   l - +2 pair of boots
Stlth   ..........              e - amulet of Ser Wed {Faith Fly rC+ Str-3 Dex+4}
HPRegen 1.10/turn               X - ring of Vino {rF++ AC+4 Str+4}
MPRegen 0.30/turn               q - +4 ring of protection

@: confused, afraid, ambrosia-drunk, flying, hasted, studying Necromancy, very
quick
A: powered by death 2, magic shield, magic regeneration, demonic touch 2, talons
1, high mp 1
a: Renounce Religion, Berserk, Trog's Hand


You were on level 1 of the Shoals.
You worshipped Trog.
Trog was most pleased with you.
You visited 4 branches of the dungeon, and saw 24 of its levels.

You collected 2632 gold pieces.
You spent 1878 gold pieces at shops.

Inventory:

Hand Weapons
 u - the +8 spear of the Shoals {protect, Dex+4}
   (You found it on level 5 of the Dungeon)

   It grants its wielder temporary protection when it strikes (+7 to AC).
   Dex:       It affects your dexterity (+4).
 J - a +6 executioner's axe of freezing (weapon)
 T - a +2 antimagic executioner's axe
 W - a +3 battleaxe of flaming
Missiles
 a - 517 stones
 f - 7 curare-tipped darts
 k - 6 atropa-tipped darts
 p - 65 poisoned darts
 r - 45 sling bullets
 s - 2 throwing nets
 y - 8 boomerangs (quivered)
 V - a silver boomerang
Armour
 d - the +4 swamp dragon scales "Xarokei" {Fly rPois Will- Stlth+}
   (You bought it in a shop on level 2 of the Orcish Mines)

   rPois:     It protects you from poison.
   Fly:       It grants you flight.
   Will:      It decreases your willpower.
   Stlth:     It makes you more stealthy.
 j - a +1 hat (worn)
 l - a +2 pair of boots (worn)
 x - +0 shadow dragon scales
 D - the +0 pair of gloves of Leaneacw (worn) {rC+ Regen+ Str+3 Int+2}
   (You found it on level 14 of the Dungeon)

   Str:       It affects your strength (+3).
   Int:       It affects your intelligence (+2).
   rC:        It protects you from cold.
   Regen:     It increases your rate of health regeneration.
 F - a +5 scale mail of poison resistance (worn)
Jewellery
 e - the amulet of Ser Wed (around neck) {Faith Fly rC+ Str-3 Dex+4}
   (You found it on level 6 of the Dungeon)

   [amulet of faith]

   It allows you to gain divine favour quickly.
   Str:       It affects your strength (-3).
   Dex:       It affects your dexterity (+4).
   rC:        It protects you from cold.
   Fly:       It grants you flight.
 i - a ring of protection from cold
 q - a +4 ring of protection (right hand)
 B - the ring "Bonikh" {rC+ Str+2 Int+2 Dex+6}
   (You found it on level 14 of the Dungeon)

   [ring of dexterity]

   Str:       It affects your strength (+2).
   Int:       It affects your intelligence (+2).
   Dex:       It affects your dexterity (+6).
   rC:        It protects you from cold.
 X - the ring of Vino (left hand) {rF++ AC+4 Str+4}
   (You found it on level 6 of the Lair of Beasts)

   [ring of protection]

   AC:        It affects your AC (+4).
   Str:       It affects your strength (+4).
   rF:        It greatly protects you from fire.
Wands
 b - a wand of iceblast (17)
 h - a wand of acid (11)
 w - a wand of flame (45)
 E - a wand of polymorph (6)
 K - a wand of mindburst (13)
 M - a wand of digging (9)
 N - a wand of paralysis (18)
Scrolls
 c - 15 scrolls of teleportation
 g - a scroll of silence
 n - a scroll of enchant armour
 C - 5 scrolls of immolation
 G - 5 scrolls of fear
 L - a scroll of magic mapping
 Q - 8 scrolls of identify
 R - a scroll of blinking
Potions
 m - a potion of heal wounds
 o - 4 potions of lignification
 t - a potion of flight
 v - 3 potions of attraction
 A - a potion of ambrosia
 H - 3 potions of curing
 I - 3 potions of haste
 S - a potion of mutation
Miscellaneous
 z - a piece from Xom's chessboard (15/15)


   Skills:
 - Level 9.3 Fighting
 + Level 18.9 Axes
 - Level 15.4 Throwing
 - Level 8.2 Armour
 - Level 1.7 Dodging


You had 15 spell levels left.
You didn't know any spells.
Your spell library contained the following spells:

 Spells                   Type           Power      Damage    Failure   Level
 Apportation              Tloc           0%         N/A       47%         1
 Magic Dart               Conj           0%         1d3       47%         1
 Sting                    Tmut/Pois      0%         1d3       47%         1
 Blink                    Tloc           0%         N/A       63%         2
 Ensorcelled Hibernation  Hex/Ice        0%         N/A       63%         2
 Passwall                 Tmut/Erth      0%         N/A       63%         2
 Poisonous Vapours        Pois/Air       0%         N/A       63%         2
 Searing Ray              Conj           0%         2d4       63%         2
 Dazzling Flash           Conj/Hex       0%         N/A       85%         3
 Lesser Beckoning         Tloc           0%         N/A       85%         3
 Mephitic Cloud           Conj/Pois/Air  0%         N/A       85%         3
 Spider Form              Tmut/Pois      0%         N/A       85%         3
 Summon Guardian Golem    Hex/Summ       0%         N/A       85%         3
 Swiftness                Air            0%         N/A       85%         3
 Tukima's Dance           Hex            0%         N/A       85%         3
 Vampiric Draining        Necr           0%         2d6       85%         3
 Anguish                  Hex/Necr       0%         N/A       99%         4
 Animate Dead             Necr           0%         N/A       99%         4
 Cause Fear               Hex            0%         N/A       99%         4
 Fulminant Prism          Conj/Hex       0%         3d6       99%         4
 Olgreb's Toxic Radiance  Pois           0%         N/A       99%         4
 Agony                    Necr           0%         N/A       100%        5
 Alistair's Intoxication  Tmut/Pois      0%         N/A       100%        5
 Fireball                 Conj/Fire      0%         3d3       100%        5
 Iskenderun's Battlesphe  Conj           0%         2d6       100%        5
 Manifold Assault         Tloc           0%         N/A       100%        5
 Silence                  Hex/Air        0%         N/A       100%        5
 Conjure Ball Lightning   Conj/Air       0%         3x3d6     100%        6
 Iron Shot                Conj/Erth      0%         9d1       100%        6
 Dragon Form              Tmut           0%         N/A       100%        7
 Enfeeble                 Hex            0%         N/A       100%        7
 Haunt                    Necr/Summ      0%         N/A       100%        7
 Orb of Destruction       Conj           0%         9d5       100%        7
 Spellforged Servitor     Conj/Summ      0%         N/A       100%        7
 Infestation              Necr           0%         N/A       100%        8
 Dragon's Call            Summ           0%         N/A       100%        9


Dungeon Overview and Level Annotations

Branches:
Dungeon (15/15)            Temple (0/1) D:5            Lair (6/6) D:8
 Shoals (1/4) Lair:4       Spider (0/4) Lair:3        Slime (0/5) Lair:6
    Orc (2/2) D:11            Elf (0/3) Orc:2        Vaults (0/5) D:13
 Depths (0/4) D:15

Altars:
Dithmenos
Fedhas
Gozag
Kikubaaqudgha
Nemelex Xobeh
Ru
Sif Muna
Yredelemnul
The Shining One
Beogh

Shops:
D:5 ?   D:10 (   Orc:2 !!![(

Annotations:
Shoals:1 Mlioglotl


Innate Abilities, Weirdness & Mutations

You regenerate health from kills.
When hurt, damage is shared between your health and your magic reserves.
You regenerate magic rapidly.
Your touch may inflict irresistible damage on your foes.
You have sharp toenails.
You have an increased reservoir of magic. (+10% MP)


Message History

Mlioglotl hits you but does no damage. Mlioglotl closely misses you.
Your ogre rages.
Mlioglotl hits you. Mlioglotl tramples you.
You are shoved backwards!
You barely miss Mlioglotl.
Mlioglotl is moderately damaged.
You hit the bone dragon but do no damage.
Your ogre hits Mlioglotl with a +0 giant club!!
Mlioglotl closely misses you. Mlioglotl tramples you!
You are shoved backwards!
Okay, then.
Okay, then.
You completely miss Mlioglotl.
Mlioglotl is moderately damaged.
Mlioglotl hits you but does no damage. Mlioglotl tramples you.
You are shoved backwards!
You hit Mlioglotl. You freeze Mlioglotl.
Mlioglotl is heavily damaged.
Mlioglotl hits you but does no damage. Mlioglotl tramples you.
You are shoved backwards!
The bone dragon bites your ogre. The bone dragon claws your ogre!
The bone dragon closely misses your ogre.
Unknown command.
You attempt to attack Mlioglotl, but flinch away in fear!
Mlioglotl hits you!! Mlioglotl closely misses you.
Your ogre barely misses the bone dragon.
The bone dragon bites your ogre!! The bone dragon claws your ogre!
Your ogre dies!
Your ogre's corpse disappears in a puff of smoke!
Mlioglotl hits you but does no damage. Mlioglotl tramples you!!
* * * LOW HITPOINT WARNING * * *
You are shoved backwards!
You are confused.
You feel invigorated. Mlioglotl hits you!
* * * LOW HITPOINT WARNING * * *
Mlioglotl tramples you.
* * * LOW HITPOINT WARNING * * *
You are shoved backwards!
Found 25 gold pieces.
You feel yourself speed up. Mlioglotl hits you!
* * * LOW HITPOINT WARNING * * *
Mlioglotl tramples you!!
You die...

≈≈ ##.<..≈≈≈≈≈
≈.. #.....≈≈≈≈≈
....#..≈≈≈≈≈≈≈≈
≈...#..≈≈≈≈≈≈≈≈
#..≈D≈≈≈≈≈≈≈
##4≈≈≈≈≈≈≈≈≈
#.≈≈≈≈≈≈≈≈≈
##.X≈≈≈≈≈≈≈
#.@≈≈≈≈≈≈≈
#.≈≈≈≈≈≈≈≈
#..≈≈≈≈≈≈≈
##...≈≈≈≈≈
##..≈≈≈≈≈
..≈≈≈≈≈ ..≈≈≈≈≈
.$≈≈≈≈≈


You could see a bone dragon (summoned), Mlioglotl (strong, scary) and a rust
devil (summoned).

Vanquished Creatures
  Rupert (D:13)
  A lich (D:14)
  Kirke (Lair:6)
  Agnes (D:14)
  Nessos (D:13)
  Josephine (Lair:6)
  Harold (D:7)
  6 boulder beetles
  A rakshasa (D:14)
  An ice dragon (D:14)
  4 hydras
  A catoblepas (Lair:6)
  5 centaur warriors
  3 two-headed ogres
  A death yak (Lair:5)
  An orc high priest (Orc:2)
  3 tengu warriors
  2 deep trolls (D:15)
  An obsidian statue (D:14)
  A wizard (D:14)
  A harpy (D:14)
  2 deep elf pyromancers
  2 necromancers (D:15)
  5 orc knights
  10 ugly things
  An oklob plant (Orc:2)
  2 elephants
  A salamander (shapeshifter) (D:15)
  4 cyclopes
  3 manticores
  4 orc sorcerers (Orc:2)
  2 torpor snails
  A black mamba (Lair:3)
  19 cane toads
  4 kobold demonologists
  2 unseen horrors
  2 freezing wraiths (D:14)
  11 komodo dragons
  3 rime drakes
  2 efreet
  3 polar bears
  7 trolls
  A tyrant leech (Lair:6)
  A polar bear (shapeshifter) (D:15)
  Prince Ribbit (D:7)
  2 meliai (D:12)
  8 slime creatures
  A hornet (D:8)
  20 blink frogs
  A meliai zombie (D:10)
  5 dream sheep (Lair:5)
  A jumping spider (Lair:3)
  A vampire (D:9)
  3 wraiths
  2 wyverns
  2 hogs (Lair:6)
  A basilisk (shapeshifter) (D:14)
  2 water elementals (D:15)
  8 basilisks
  39 yaks
  13 humans (D:13)
  2 steam dragons
  6 wargs
  11 vampire mosquitoes
  An acid dragon (D:13)
  15 water moccasins
  5 ice beasts
  15 orc warriors
  2 black bears
  4 necrophages
  2 sky beasts
  9 ogres
  12 wolves
  18 centaurs
  A phantom (D:6)
  11 kobold brigands
  18 bullfrogs
  2 gnoll sergeants
  4 scorpions
  12 killer bees
  4 wights (D:8)
  4 howler monkeys
  4 electric eels
  A bullfrog zombie (D:6)
  2 centaur zombies
  A gnoll shaman (D:7)
  6 hounds
  5 jellies
  22 orc priests
  4 iron imps (D:14)
  A centaur skeleton (D:7)
  7 hell rats
  5 iguanas
  17 orc wizards
  A killer bee zombie (D:7)
  A hound skeleton (D:4)
  A howler monkey zombie (D:9)
  Robin (D:3)
  14 gnolls
  8 adders
  15 white imps
  2 ufetubi
  2 worms (D:2)
  69 orcs
  12 endoplasms
  5 giant cockroaches
  14 goblins
  5 hobgoblins
  28 kobolds
  A quokka (D:2)
  6 ball pythons
  4 bats (D:1)
  4 frilled lizards
  7 rats
673 creatures vanquished.

Vanquished Creatures (collateral kills)
  3 liches (D:14)
  A fire giant (D:14)
  The ghost of Ineisoh the Eclecticist, a journeyman DjFE of Gozag (D:14)
  An ettin (Orc:2)
  2 hydras
  2 centaur warriors
  2 death yaks (Lair:5)
  4 orc high priests
  A flayed ghost (D:14)
  An orc knight (Orc:2)
  An ugly thing (D:13)
  A black mamba (Lair:1)
  5 elephants (Lair:5)
  4 cane toads
  A tyrant leech (Lair:6)
  7 blink frogs (Lair:6)
  A basilisk (Lair:6)
  2 shadows
  3 hogs (Lair:6)
  3 humans (D:13)
  2 wraiths (Lair:6)
  10 yaks
  A vampire mosquito (Lair:6)
  An acid dragon (D:8)
  7 orc warriors (Orc:2)
  4 centaurs
  3 bullfrogs
  A jelly (Lair:6)
  3 orc priests (Orc:2)
  An orc wizard (Orc:2)
  7 hell rats
  7 orcs
  An endoplasm (Lair:6)
94 creatures vanquished.

Vanquished Creatures (others)
  A centaur zombie (D:6)
  3 orcs (D:4)
  3 bushes (D:14)
  38 fungi
  122 plants
167 creatures vanquished.

Grand Total: 934 creatures vanquished

Notes
Turn   | Place    | Note
-------+----------+-------------------------------------------
     0 | D:1      | knot the Demonspawn Berserker began the quest for the Orb.
     0 | D:1      | Reached XP level 1. HP: 18/18 MP: 1/1
   262 | D:1      | Reached skill level 3 in Axes
   287 | D:1      | Gained mutation: You regenerate a little health from kills.
                  | [demonic ancestry]
   287 | D:1      | Reached XP level 2. HP: 13/24 MP: 2/2
   616 | D:1      | Found a faded altar of an unknown god.
  1021 | D:2      | Gained mutation: Your touch may inflict minor irresistible
                  | damage on your foes. [demonic ancestry]
  1021 | D:2      | Reached XP level 3. HP: 24/29 MP: 3/3
  1318 | D:2      | Reached skill level 4 in Axes
  1664 | D:3      | Reached ** piety under Trog
  1755 | D:3      | Got the Catalogue of the Lethal Compass
  1791 | D:3      | Reached XP level 4. HP: 33/35 MP: 4/4
  2476 | D:3      | Reached skill level 5 in Axes
  2506 | D:3      | Noticed Robin
  2508 | D:3      | Killed Robin
  2510 | D:3      | Reached XP level 5. HP: 41/41 MP: 5/5
  3194 | D:4      | Reached skill level 6 in Axes
  3246 | D:4      | Reached XP level 6. HP: 33/47 MP: 6/6
  3880 | D:4      | Found an opulent altar of Gozag.
  4281 | D:5      | Entered Level 5 of the Dungeon
  4281 | D:5      | Noticed an ice beast
  4293 | D:5      | Killed an ice beast
  4294 | D:5      | Reached skill level 7 in Axes
  4500 | D:5      | Noticed an ice beast
  4514 | D:5      | Reached XP level 7. HP: 35/52 MP: 7/7
  4596 | D:5      | Identified the +8 spear of the Shoals {protect, Dex+4}
  4633 | D:5      | Reached skill level 8 in Axes
  4633 | D:5      | Reached skill level 1 in Throwing
  4662 | D:5      | Found a staircase to the Ecumenical Temple.
  4919 | D:5      | Reached *** piety under Trog
  4935 | D:5      | Found Utet's Magic Scroll Emporium.
  5272 | D:6      | Gained mutation: Your touch may inflict irresistible damage
                  | on your foes. [demonic ancestry]
  5272 | D:6      | Reached XP level 8. HP: 56/58 MP: 8/8
  5346 | D:6      | Found a shadowy altar of Dithmenos.
  5713 | D:6      | Reached skill level 9 in Axes
  5719 | D:6      | Noticed a kobold demonologist
  5776 | D:6      | Reached skill level 5 in Throwing
  5806 | D:6      | Killed a kobold demonologist
  5807 | D:6      | Reached XP level 9. HP: 45/63 MP: 9/9
  6007 | D:6      | Reached skill level 10 in Axes
  6157 | D:6      | Identified the amulet of Ser Wed {Faith Fly rC+ Str-3
                  | Dex+4}
  6213 | D:7      | Noticed a deep elf pyromancer
  6273 | D:7      | Noticed Prince Ribbit
  6289 | D:7      | Killed Prince Ribbit
  6898 | D:7      | Killed a deep elf pyromancer
  7116 | D:7      | Reached skill level 11 in Axes
  7163 | D:7      | Reached **** piety under Trog
  7377 | D:7      | Noticed Harold
  7398 | D:7      | Killed Harold
  7399 | D:7      | Gained mutation: You regenerate health from kills. [demonic
                  | ancestry]
  7399 | D:7      | Reached XP level 10. HP: 70/70 MP: 10/10
  7890 | D:8      | Found a sacrificial altar of Ru.
  7981 | D:8      | Paralysed by a hornet for 2 turns
  8577 | D:8      | Found a shimmering blue altar of Sif Muna.
  8687 | D:8      | Found a staircase to the Lair.
  8687 | D:8      | Noticed an elephant
  8712 | D:8      | Killed an elephant
  9283 | D:9      | Reached skill level 12 in Axes
  9286 | D:9      | Found a basalt altar of Yredelemnul.
  9317 | D:9      | Found a sparkling altar of Nemelex Xobeh.
  9420 | D:9      | Noticed a two-headed ogre
  9433 | D:9      | Killed a two-headed ogre
  9698 | D:9      | Reached XP level 11. HP: 75/75 MP: 11/11
 10064 | D:9      | Noticed a two-headed ogre
 10075 | D:9      | Killed a two-headed ogre
 10076 | D:9      | Reached skill level 10 in Throwing
 10257 | Lair:1   | Entered Level 1 of the Lair of Beasts
 10620 | Lair:1   | Reached ***** piety under Trog
 10635 | Lair:1   | Reached skill level 13 in Axes
 10671 | Lair:1   | Noticed a six-headed hydra
 10694 | Lair:1   | Killed a six-headed hydra
 11353 | Lair:1   | You are sucked into a shaft and drop 1 floor!
 12144 | Lair:2   | Reached XP level 12. HP: 81/81 MP: 12/12
 12245 | Lair:2   | Reached skill level 14 in Axes
 12266 | Lair:2   | HP: 4/81 [poisoned by a cane toad]
 12303 | Lair:2   | Noticed an eight-headed hydra
 12708 | Lair:2   | Killed an eight-headed hydra
 14080 | Lair:3   | Found a hole to the Spider Nest.
 14357 | Lair:3   | Identified the +2 scale mail of Articulation {rC+ Dex+6}
 15482 | Lair:4   | Reached skill level 15 in Axes
 15721 | Lair:4   | Found a staircase to the Shoals.
 15758 | Lair:4   | Gained mutation: You have sharp toenails. [potion of
                  | mutation]
 15758 | Lair:4   | Gained mutation: You have an increased reservoir of magic.
                  | (+10% MP) [potion of mutation]
 15795 | Lair:4   | Noticed a seven-headed hydra
 15808 | Lair:4   | Killed a seven-headed hydra
 16428 | Lair:5   | Noticed a boulder beetle
 16616 | Lair:5   | Killed a boulder beetle
 16617 | Lair:5   | Reached XP level 13. HP: 42/86 MP: 14/14
 17829 | Lair:5   | Reached skill level 16 in Axes
 18713 | D:10     | Entered Level 10 of the Dungeon
 18749 | D:10     | Found Kyclapt's Antique Weapon Shoppe.
 18766 | D:10     | Bought a runed executioner's axe for 338 gold pieces
 19868 | D:11     | Received a gift from Trog
 19874 | D:11     | Found a staircase to the Orcish Mines.
 20253 | Orc:1    | Entered Level 1 of the Orcish Mines
 21127 | Orc:2    | Entered Level 2 of the Orcish Mines
 21147 | Orc:2    | Found Qulaijau's Antique Weapon Shop.
 21163 | Orc:2    | Noticed an ettin
 21174 | Orc:2    | Killed an ettin
 21383 | Orc:2    | Found a staircase to the Elven Halls.
 21513 | Orc:2    | Reached skill level 15 in Throwing
 21646 | Orc:2    | Received a gift from Trog
 21760 | Orc:2    | Paralysed by an orc sorcerer for 5 turns
 21790 | Orc:2    | Gained mutation: You regenerate magic rapidly. [demonic
                  | ancestry]
 21790 | Orc:2    | Reached XP level 14. HP: 68/93 MP: 15/15
 22273 | Orc:2    | Reached skill level 17 in Axes
 22567 | Orc:2    | Found Roitroos's Antique Armour Shoppe.
 22572 | Orc:2    | Found Eqidas's Distillery.
 22593 | Orc:2    | Found Coifrapt's Distillery.
 22595 | Orc:2    | Found Imum's Distillery.
 22833 | Orc:2    | Bought citrine-encrusted swamp dragon scales for 1540 gold
                  | pieces
 22833 | Orc:2    | Identified the +4 swamp dragon scales "Xarokei" {Fly rPois
                  | Will- Stlth+} (You bought it in a shop on level 2 of the
                  | Orcish Mines)
 23057 | Lair:6   | Entered Level 6 of the Lair of Beasts
 23676 | Lair:6   | Identified the ring of Vino {rF++ AC+4 Str+4}
 23735 | Lair:6   | Noticed Josephine
 23745 | Lair:6   | Killed Josephine
 23835 | Lair:6   | Reached skill level 5 in Fighting
 23841 | Lair:6   | Identified the +11 great sword of the Moth {vorpal, Str+2
                  | Dex+2} (Trog gifted it to you on level 6 of the Lair of
                  | Beasts)
 23841 | Lair:6   | Received a gift from Trog
 23849 | Lair:6   | Noticed Kirke
 24054 | Lair:6   | Found a staircase to the Slime Pits.
 24456 | Lair:6   | Killed Kirke
 25234 | D:12     | Reached skill level 5 in Armour
 25814 | D:12     | Received a gift from Trog
 25906 | D:12     | Identified the +3 leather armour of Qutar {rPois Str+4}
 26316 | D:13     | Noticed Rupert
 26316 | D:13     | Noticed Nessos
 26316 | D:13     | Found a gate to the Vaults.
 26336 | D:13     | Killed Rupert
 26337 | D:13     | Gained mutation: When hurt, damage is shared between your
                  | health and your magic reserves. [demonic ancestry]
 26337 | D:13     | Reached XP level 15. HP: 107/107 MP: 16/16
 26492 | D:13     | Killed Nessos
 26778 | D:13     | Reached skill level 18 in Axes
 27518 | D:13     | Received a gift from Trog
 28501 | D:14     | Found a runed translucent gate.
 28502 | D:14     | Found a runed translucent gate.
 28503 | D:14     | Found a runed translucent gate.
 28503 | D:14     | Found an ancient bone altar of Kikubaaqudgha.
 28504 | D:14     | Noticed a lich
 28504 | D:14     | Noticed a lich
 28504 | D:14     | Noticed a lich
 28504 | D:14     | Noticed a lich
 28505 | D:14     | Noticed Ineisoh's ghost (journeyman DjFE)
 28511 | D:14     | Noticed Agnes
 28516 | D:14     | Killed Agnes
 28526 | D:14     | Killed a lich
 28536 | D:14     | Killed Ineisoh's ghost
 28537 | D:14     | Killed a lich
 28542 | D:14     | Killed a lich
 28544 | D:14     | Killed a lich
 28587 | D:14     | Identified the ring "Bonikh" {rC+ Str+2 Int+2 Dex+6}
 28594 | D:14     | Identified the -2 pair of gloves of the Iron City of Dis
                  | {Rampage Drain Slay+5}
 29174 | D:14     | Got the Papyrus of Battle Magic
 29402 | D:14     | Found a runed translucent door.
 29949 | D:14     | Noticed a fire giant
 29963 | D:14     | Killed a fire giant
 30213 | D:14     | Identified the +0 pair of gloves of Leaneacw {rC+ Regen+
                  | Str+3 Int+2}
 30226 | D:14     | Identified the +8 rapier of Victory {flame, Int+2}
 30259 | D:15     | Entered Level 15 of the Dungeon
 30578 | D:15     | Found a staircase to the Depths.
 30778 | D:15     | Found a blossoming altar of Fedhas.
 30890 | D:15     | Reached XP level 16. HP: 114/120 MP: 15/17
 31240 | Shoals:1 | Entered Level 1 of the Shoals
 31240 | Shoals:1 | Noticed Mlioglotl
 31245 | Shoals:1 | Noticed a bone dragon
 31254 | Shoals:1 | Mangled by Mlioglotl

Illustrated notes

Levels and vault maps discovered:
D:1:      ncdulo_wetmaze, layout_rooms, ebering_ecumenical_altar_box,
          nrook_mini_vaults, skrybe_limestone_x, minmay_liquid_box,
          minmay_misc_feat_columns
D:2:      layout_rooms
D:3:      layout_basic, uniq_robin
D:4:      layout_loops_ring, grunt_gozag_statues
D:5:      layout_rooms, minmay_temple_entry_offerings, serial_shops, shop,
          grunt_ministairs_4, eino_tiny_chamber, abandoned_shop,
          minmay_misc_feat_ornament, hellmonk_bongcloud_opening,
          chequers_serial_rivers_micro_e
D:6:      minmay_clustersquares, layout_loops_ring,
          nicolae_tso_swordbearing_angel, mainiacjoe_overflow_chevrons
D:7:      layout_basic, kennysheep_generic_room_7, uniq_prince_ribbit1,
          uniq_harold
D:8:      layout_loops_ring, kennysheep_mini_moat,
          nicolae_sif_muna_little_library, david_lair_generic
D:9:      layout_loops_ring, nicolae_overflow_crystal_walls,
          lemuel_crystal_altar, chequers_arboretum
D:10:     layout_roguey, serial_shops,
          nicolae_shop_temple_entry_statues_fountains
D:11:     layout_basic, erik_orc_3
D:12:     layout_gridville, portal_ice_cave_entry_imps, eino_jars
D:13:     layout_long_grid, david_vaults_3
D:14:     kennysheep_kobold_grotto, layout_layer_cave, gammafunk_ghost_crypt,
          minmay_strange_pillars, minmay_misc_feat_iff, st_stairs_2,
          minivault_13, uniq_agnes
D:15:     hangedman_depths_entry_civil_slaughter, layout_rooms,
          minmay_crystal_water, fedhas_altar_fruit_tree
Lair:1:   layout_chaotic_city, dreamdust_deal_with_the_devil,
          chequers_serial_rivers_room_b, grunt_megastairs_2
Lair:2:   layout_cave_pods
Lair:3:   layout_loops_ring, spider_nest_entry_rubble
Lair:4:   layout_misc_corridors, minmay_shoals_entry_centaurs,
          nicolae_quartered_pool_super, lemuel_fruit_fields, uniq_rupert
Lair:5:   layout_cave_pods, grunt_megastairs_4
Lair:6:   minmay_lair_end_frog_pond, layout_gridlike,
          nicolae_slime_entry_slimehenge, uniq_josephine, uniq_kirke
Shoals:1: layout_shoals, uniq_mlioglotl
Orc:1:    layout_caves, bh_open_orc_temple
Orc:2:    st_orc_elflike, layout_caves, basic_altar, serial_shops,
          nicolae_shop_window_shopping, mines3_lemuel

Skill      XL: |  1  2  3  4  5  6  7  8  9 10 11 12 13 14 15 |
---------------+----------------------------------------------+-----
Axes           | 3 4 5 6 7 8 9 11 12 13 15 16 17 18 | 18.9
Throwing       | 2 5 8 9 11 13 15 | 15.4
Armour         | 5 8 |  8.2
Fighting       | 6 9 |  9.3
Dodging        | |  1.7

Action                   |  1- 3 |  4- 6 |  7- 9 | 10-12 | 13-15 | 16-18 || total
-------------------------+-------+-------+-------+-------+-------+-------++-------
Melee: Hand axe          |    17 |       |       |       |       |       ||    17
       War axe           |    66 |   121 |     6 |       |       |       ||   193
       Touch             |     4 |    25 |    39 |   197 |    46 |       ||   311
       Punch             |       |     4 |     1 |    14 |     4 |       ||    23
       Spear             |       |       |   242 |   908 |   199 |       ||  1349
       Executioner's axe |       |       |       |       |   797 |    10 ||   807
       Unarmed           |       |       |       |       |     5 |       ||     5
       Battleaxe         |       |       |       |       |     1 |       ||     1
Throw: Dart              |       |    13 |    11 |    82 |    38 |       ||   144
       Boomerang         |       |       |    23 |    25 |   104 |       ||   152
       Stone             |       |       |       |     1 |       |       ||     1
       Throwing net      |       |       |       |       |     4 |       ||     4
Invok: Berserk           |     2 |     2 |     3 |     5 |    15 |       ||    27
       Trog's Hand       |       |     2 |     2 |       |     5 |       ||     9
       Brothers in Arms  |       |       |       |     6 |    21 |     1 ||    28
Evoke: Wand              |       |     1 |     9 |     7 |       |       ||    17
  Use: Potion            |       |     2 |     4 |     3 |     3 |     2 ||    14
       Scroll            |       |       |     7 |    12 |    11 |       ||    30
 Stab: Sleeping          |       |     1 |       |       |       |       ||     1
       Distracted        |       |     1 |       |       |     2 |       ||     3
       Invisible         |       |       |     1 |       |     8 |       ||     9
Armor: Animal skin       |     8 |       |       |       |       |       ||     8
       Ring mail         |    16 |    42 |    79 |       |       |       ||   137
       Scale mail        |       |       |       |   418 |   775 |     5 ||  1198
Dodge: Dodged            |    55 |    69 |    86 |   281 |   516 |     7 ||  1014

Table legend: (Time is in decaauts)
 A = Elapsed time spent in this place.
 B = Non-inter-level travel time spent in this place.
 C = Inter-level travel time spent in this place.
 D = Time resting spent in this place.
 E = Time spent auto-exploring this place.
 F = Levels seen in this place.
 G = Mean time per level.
                   A        B        C        D        E       F      G
               +--------+--------+--------+--------+--------+-----+--------+
         Total |  31102 |  29248 |   1854 |   7986 |  16711 |  24 | 1295.9 |
       Dungeon |  18519 |  17358 |   1161 |   3845 |  10948 |  15 | 1234.6 |
          Lair |  10102 |   9534 |    568 |   3187 |   4898 |   6 | 1683.7 |
        Shoals |     13 |     13 |      0 |      0 |      0 |   1 |   13.0 |
  Orcish Mines |   2467 |   2343 |    124 |    953 |    864 |   2 | 1233.5 |
               +--------+--------+--------+--------+--------+-----+--------+

Top non-repeatable levels by time:
  Lair:1: 2297 daAuts
    D:14: 2177 daAuts
  Lair:5: 1900 daAuts
     D:7: 1859 daAuts
  Lair:6: 1736 daAuts
    D:13: 1674 daAuts
  Lair:2: 1559 daAuts
   Orc:2: 1519 daAuts
  Lair:3: 1493 daAuts
     D:4: 1408 daAuts
     D:8: 1369 daAuts
     D:3: 1359 daAuts
    D:12: 1328 daAuts
  Lair:4: 1114 daAuts
     D:6: 1064 daAuts
